Map: Invader LE

Players

chocomallows - Winner!

  • Race: Zerg Zerg
  • League: Gold

Reveral

  • Race: Terran Terran
  • League: Diamond

VOD

Have the link to the VOD?

Description

Time

  • Played on: June 6, 2016, 10:15 a.m.
  • Length: 16:42
Show
View Real Time Build Order
Export as new Build Order

chocomallows Zerg - Winner!

Build Orders: Hatch First 

Get SALT Encoding   

  12  0:00  Drone  
  13  0:12  Overlord  
  13  0:17  Drone  
  14  0:31  Drone x2  
  14  0:34  Drone  
  17  0:54  Hatchery  
  17  0:56  Drone  
  17  0:59  Drone  
  18  1:05  Extractor  
  18  1:07  Drone  
  18  1:20  Spawning Pool  
  18  1:22  Drone  
  18  1:28  Drone  
  19  1:38  Overlord  
  19  1:49  Drone  
  20  2:06  Queen  
  20  2:07  Queen  
  20  2:08  Zergling x4  
  26  2:14  Metabolic Boost  
  26  2:16  Zergling x2  
  26  2:18  Drone  
  28  2:24  Drone  
  29  2:30  Drone  
  29  2:33  Drone  
  31  2:40  Drone  
  31  2:42  Queen  
  34  2:55  Drone x2  
  34  2:56  Overlord  
  36  3:06  Overlord  
  36  3:16  Drone x5  
  36  3:17  Drone x2  
  36  3:18  Drone  
  44  3:31  Overlord x2  
  44  3:32  Drone  
  45  3:34  Spore Crawler  
  45  3:36  Spore Crawler  
  45  3:37  Drone  
  44  3:57  Drone x4  
  44  3:58  Drone x5  
  44  4:02  Extractor  
  52  4:03  Extractor  
  52  4:04  Hatchery  
  52  4:09  Drone x2  
  52  4:13  Lair  
  52  4:19  Roach Warren  
  52  4:20  Zergling x4  
  53  4:41  Zergling x12  
  59  4:50  Evolution Chamber  
  59  4:51  Evolution Chamber  
  57  5:04  Drone  
  57  5:05  Drone x2  
  57  5:06  Overlord x4  
  60  5:10  Glial Reconstitution  
  60  5:16  Zerg Ground Armor Level 1  
  60  5:17  Zerg Missile Weapons Level 1  
  60  5:18  Queen  
  60  5:21  Roach x2  
  66  5:25  Roach  
  66  5:26  Overlord x2  
  66  5:28  Drone x4  
  72  5:30  Drone  
  59  6:05  Roach  
  59  6:06  Roach x10  
  59  6:07  Ravager  
  59  6:10  Drone  
  83  6:18  Spore Crawler  
  82  6:22  Drone x4  
  82  6:24  Drone  
  87  6:39  Drone x4  
  92  6:47  Ravager x3  
  94  6:54  Drone  
  94  6:55  Drone x3  
  94  6:56  Drone x5  
  94  6:57  Drone x3  
  106  7:02  Extractor  
  106  7:04  Roach  
  107  7:21  Roach  
  107  7:22  Roach x5  
  114  7:25  Overlord x4  
  111  7:51  Roach  
  111  7:52  Roach x9  
  129  8:08  Roach x4  
  129  8:09  Ravager, Roach x3  
  144  8:35  Drone x2  
  144  8:37  Overlord x4, Extractor  
  144  8:38  Overseer x2  
  144  8:40  Pneumatized Carapace  
  145  8:46  Drone  
  145  8:48  Drone, Extractor  
  146  8:58  Spire  
  145  9:07  Overlord, Drone x3  
  145  9:08  Overlord x2  
  148  9:12  Drone x2  
  150  9:17  Roach  
  150  9:18  Roach x9  
  150  9:19  Ravager  
  171  9:28  Hatchery  
  170  9:33  Spore Crawler  
  170  9:37  Zerg Missile Weapons Level 2  
  169  9:42  Ravager x2  
  171  9:57  Spore Crawler  
  170  10:01  Roach x3  
  170  10:02  Roach x12  
  81  11:19  Roach  
  81  11:20  Roach x15  
  81  11:21  Ravager x4  
  81  11:22  Ravager x2  
  117  11:34  Corruptor x4  
  125  11:55  Queen  
  125  11:58  Drone x2  
  125  11:59  Drone x7  
  136  12:08  Extractor x2  
  135  12:11  Corruptor x2  
  135  12:12  Corruptor x2  
  135  12:13  Ravager  
  135  12:14  Ravager  
  144  12:18  Drone x6  
  144  12:19  Drone x2  
  152  12:37  Drone x5  
  152  12:38  Drone x3  
  160  12:46  Spore Crawler  
  160  12:47  Spore Crawler  
  158  13:04  Roach x6  
  158  13:05  Roach x7  
  184  13:07  Ravager  
  184  13:08  Ravager  
  184  13:10  Hatchery, Zerg Ground Armor Level 2  
  184  13:12  Zerg Flyer Weapons Level 1  
  185  13:23  Overlord, Corruptor  
  185  13:26  Overlord x6  
  187  13:29  Roach x4  
  132  14:22  Roach  
  132  14:23  Roach x25  
  162  14:31  Queen  
  162  14:38  Drone x2  
  166  14:42  Roach  
  166  14:43  Roach x6  
  172  14:58  Ravager x4  
  172  14:59  Ravager x2  
  179  15:00  Ravager x3  
  181  15:11  Extractor  
  180  15:14  Extractor  
  179  15:22  Roach x5  
  179  15:23  Roach x5  
  199  15:34  Hatchery  
  198  15:36  Extractor  
  198  15:38  Extractor  
  194  16:03  Roach  
  194  16:04  Roach x18  
  191  16:20  Roach  
  191  16:21  Roach x3  
Show
View Real Time Build Order
Export as new Build Order

Reveral Terran 

Build Orders: Reaper Expand, Mech 

Get SALT Encoding   

  12  0:00  SCV  
  13  0:12  SCV  
  14  0:18  Supply Depot  
  14  0:24  SCV  
  15  0:39  SCV  
  15  0:41  Barracks  
  16  0:45  Refinery  
  16  0:51  SCV  
  17  1:04  SCV  
  18  1:16  SCV  
  19  1:28  Orbital Command  
  19  1:29  Reaper  
  20  1:48  Command Center  
  20  2:06  SCV  
  21  2:09  Barracks Reactor  
  21  2:11  Supply Depot  
  21  2:15  Refinery  
  21  2:18  SCV  
  22  2:30  SCV  
  22  2:32  Factory  
  23  2:52  SCV  
  24  2:58  Marine x2  
  24  2:59  Factory  
  24  3:03  Orbital Command  
  24  3:05  Supply Depot  
  27  3:21  Orbital Command  
  27  3:22  SCV  
  27  3:37  Supply Depot  
  27  3:40  Hellion x2  
  31  3:41  Barracks Tech Lab  
  31  3:43  Bunker  
  31  3:45  Starport  
  31  3:51  Factory Tech Lab  
  30  3:56  SCV x2  
  32  4:09  Hellion x2  
  36  4:16  Supply Depot, SCV  
  37  4:17  SCV  
  38  4:25  Siege Tank  
  38  4:29  Medivac  
  43  4:43  Hellion  
  43  4:44  Hellion, Supply Depot  
  47  4:46  SCV  
  47  4:48  SCV  
  49  4:58  SCV  
  50  5:01  Armory, Infernal Pre-Igniter  
  50  5:08  Hellion  
  50  5:09  Hellion  
  54  5:17  SCV x2  
  54  5:19  Refinery  
  54  5:21  Starport Reactor, Refinery  
  56  5:29  SCV  
  53  5:46  Hellion x2, Liberator  
  53  5:57  Terran Vehicle Weapons Level 1  
  53  6:01  Siege Tank  
  55  6:05  SCV x2  
  55  6:07  Hellion  
  55  6:08  Hellion  
  61  6:17  SCV x2  
  63  6:19  Mag-Field Accelerator  
  63  6:29  Hellion x2, SCV x2, Liberator x2  
  69  6:38  Command Center  
  69  6:41  SCV x2  
  77  6:53  Supply Depot, SCV  
  78  7:04  Supply Depot  
  78  7:06  Supply Depot  
  78  7:15  SCV x2, Factory  
  80  7:22  Hellion x2  
  86  7:23  Hellion  
  86  7:27  SCV  
  85  7:44  Hellion  
  87  7:48  Thor  
  93  7:51  Orbital Command  
  93  7:55  Hellbat  
  95  7:59  Terran Vehicle Weapons Level 2  
  95  8:00  Factory  
  95  8:02  Barracks Tech Lab  
  95  8:04  Factory  
  95  8:11  SCV x2  
  97  8:21  Siege Tank  
  97  8:23  SCV x2, Hellbat x2  
  97  8:24  SCV  
  107  8:30  Armory  
  107  8:31  Siege Tank  
  110  8:35  SCV  
  110  8:40  Supply Depot  
  111  8:44  Hellbat x2  
  111  8:47  Factory Tech Lab  
  115  8:50  Liberator x2  
  115  8:51  Supply Depot  
  115  8:53  Siege Tank  
  118  8:57  Supply Depot  
  118  9:07  Orbital Command  
  124  9:16  Factory Tech Lab  
  124  9:18  Cyclone  
  128  9:30  Terran Vehicle And Ship Armor Level 1  
  128  9:36  Siege Tank  
  128  9:37  Refinery  
  131  9:39  Refinery  
  131  9:54  Liberator  
  131  10:00  Siege Tank x2  
  137  10:21  Hellbat  
  137  10:22  Hellbat  
  141  10:28  Thor  
  141  10:29  Hellbat  
  141  10:32  Cyclone  
  148  10:43  Siege Tank  
  148  10:44  Hellbat x2  
  155  10:50  Hellbat  
  134  11:04  Siege Tank  
  117  11:11  Siege Tank  
  118  11:20  Cyclone x2  
  126  11:32  Hellbat x2  
  130  11:37  Hellbat  
  130  11:38  SCV x2  
  134  11:43  Hellbat  
  134  11:46  Terran Vehicle Weapons Level 3, Terran Vehicle And Ship Armor Level 2  
  136  11:48  SCV  
  136  11:50  SCV x2  
  136  11:52  Hellbat x2  
  143  11:56  Command Center  
  143  12:01  SCV  
  144  12:04  Hellbat x2  
  144  12:05  Cyclone, Liberator  
  144  12:06  Cyclone  
  156  12:10  Supply Depot  
  156  12:11  Supply Depot x2  
  156  12:14  Cyclone  
  160  12:15  Siege Tank  
  166  12:27  Hellbat x2  
  170  12:37  Hellbat  
  170  12:38  Hellbat  
  174  12:46  Thor  
  180  12:53  Thor  
  180  12:55  Hellbat x2  
  190  13:09  SCV x2  
  192  13:33  Thor  
  198  13:57  Refinery  
  198  13:58  Refinery  
  149  14:13  Thor x3  
  149  14:15  Hellbat x2  
  149  14:16  Cyclone  
  108  14:36  Hellbat x2  
  110  14:48  Hellbat  
  106  14:56  Hellbat x2  
  106  14:57  Hellbat  
  102  15:06  Hellbat  
  102  15:07  Hellbat  
  106  15:09  Siege Tank  
  106  15:10  Viking  
  111  15:17  Siege Tank x2  
  111  15:18  Siege Tank  
  120  15:22  Viking  
  120  15:28  Hellbat  
  124  15:34  Orbital Command  
  124  15:40  Viking  
  124  15:41  Siege Tank, Hellbat  
  131  15:52  Viking  
  103  16:07  Refinery x2  
Tags
 
Add a new tag
Caveats
  • Supply blocks, unpowered buildings, or Contaminate may cause inaccurate times.
  • Supply counts are checked every 10 seconds.